Map: Acid Plant LE

Players

Swatopluke

  • Race: Protoss Protoss
  • League: Platinum
  • Spawn Location: 5:00

Murr - Winner!

  • Race: Protoss Protoss
  • League: Platinum
  • Spawn Location: 11:00

VOD

Have the link to the VOD?

Description

Time

  • Played on: Nov. 12, 2018, 1:39 p.m.
  • Length: 19:07
Show
View Real Time Build Order
Export as new Build Order

Swatopluke Protoss 

Build Orders: 1 Gate Expand, Phoenix Opening 

Get SALT Encoding   

  12  0:01  Probe  
  13  0:13  Probe  
  14  0:17  Pylon  
  14  0:25  Probe  
  15  0:34  Probe  
  15  0:35  Gateway  
  15  0:42  Probe  
  17  0:50  Assimilator  
  17  0:52  Probe  
  18  1:04  Probe  
  19  1:16  Probe  
  20  1:26  Nexus  
  20  1:37  Cybernetics Core  
  21  1:40  Probe  
  21  1:50  Assimilator  
  21  1:52  Probe  
  22  2:00  Probe  
  23  2:18  Pylon  
  23  2:29  Stargate  
  23  2:30  Warp Gate  
  23  2:33  Stalker  
  23  2:36  Probe  
  25  2:45  Gateway  
  25  2:47  Probe  
  25  2:48  Probe  
  27  2:55  Pylon, Stalker  
  27  2:59  Probe  
  27  3:04  Phoenix  
  30  3:06  Probe  
  33  3:15  Probe  
  34  3:23  Shield Battery  
  34  3:29  Phoenix  
  34  3:30  Stalker  
  36  3:39  Probe  
  36  3:40  Probe  
  40  3:47  Assimilator  
  40  3:51  Probe, Assimilator  
  41  4:13  Phoenix  
  41  4:14  Probe x2, Stargate  
  45  4:26  Probe x2  
  47  4:39  Phoenix  
  47  4:41  Probe x2  
  51  4:47  Zealot  
  51  4:51  Pylon  
  53  4:53  Pylon, Probe  
  54  5:05  Pylon  
  54  5:09  Probe, Phoenix  
  54  5:12  Fleet Beacon  
  57  5:14  Probe  
  57  5:20  Phoenix  
  60  5:28  Stalker  
  60  5:31  Stalker  
  64  5:45  Probe x2  
  64  5:47  Phoenix x2  
  70  5:57  Anion Pulse-Crystals  
  68  6:12  Phoenix x2  
  72  6:36  Protoss Air Weapons Level 1  
  72  6:44  Phoenix  
  72  6:45  Phoenix  
  72  6:53  Probe  
  73  6:56  Probe  
  74  7:05  Probe  
  74  7:07  Phoenix  
  76  7:08  Probe  
  78  7:21  Assimilator  
  78  7:23  Nexus  
  78  7:25  Pylon  
  78  7:26  Pylon  
  78  7:27  Pylon  
  78  7:28  Assimilator  
  78  7:42  Phoenix x2  
  78  7:43  Probe x2  
  84  7:55  Probe x2  
  86  8:01  Phoenix x2  
  86  8:09  Stargate  
  86  8:10  Probe x2  
  86  8:12  Stargate  
  92  8:20  Pylon x2  
  92  8:22  Phoenix x2  
  92  8:23  Probe x2  
  98  8:30  Protoss Air Armor Level 1  
  98  8:35  Probe  
  99  8:47  Phoenix  
  101  8:49  Phoenix  
  103  9:01  Phoenix  
  103  9:05  Phoenix  
  105  9:11  Phoenix  
  105  9:12  Phoenix  
  105  9:13  Probe  
  105  9:14  Probe  
  113  9:26  Probe x2  
  115  9:38  Probe  
  106  9:54  Phoenix x2  
  106  9:55  Phoenix x2  
  108  10:08  Probe x2  
  108  10:10  Stalker  
  108  10:11  Stalker  
  108  10:13  Pylon  
  114  10:14  Pylon  
  114  10:16  Pylon  
  114  10:19  Robotics Facility, Phoenix x2  
  114  10:20  Probe, Phoenix x2  
  123  10:22  Gateway  
  123  10:26  Probe  
  124  10:29  Gateway  
  124  10:32  Probe  
  125  10:38  Probe  
  126  10:44  Probe, Phoenix x2, Nexus  
  126  10:45  Phoenix  
  133  10:57  Probe  
  133  10:58  Probe  
  133  10:59  Stalker x2  
  133  11:02  Stargate  
  139  11:04  Stargate  
  139  11:08  Phoenix  
  139  11:10  Probe x2  
  143  11:26  Phoenix x2  
  143  11:27  Phoenix  
  145  11:58  Probe x2  
  145  11:59  Phoenix  
  145  12:00  Phoenix x3  
  155  12:10  Probe  
  156  12:18  Probe  
  156  12:20  Observer  
  156  12:22  Probe, Assimilator  
  158  12:24  Pylon, Phoenix  
  158  12:25  Phoenix x2, Protoss Air Weapons Level 2  
  158  12:26  Pylon  
  158  12:27  Assimilator  
  158  12:28  Pylon  
  165  12:30  Stalker  
  167  12:48  Carrier  
  173  12:59  Gateway  
  173  13:01  Gateway  
  173  13:03  Gateway  
  173  13:04  Gateway  
  173  13:06  Probe, Gateway  
  173  13:07  Gateway  
  173  13:09  Gateway  
  175  13:18  Probe  
  175  13:21  Zealot x2  
  175  13:22  Zealot  
  175  13:54  Carrier x2  
  175  13:55  Carrier  
  193  14:17  Pylon  
  193  14:18  Pylon, Probe  
  194  14:25  Carrier  
  194  14:26  Nexus  
  194  14:29  Assimilator  
  194  14:32  Assimilator  
  200  14:59  Twilight Council  
  196  15:50  Carrier  
  196  15:52  Carrier  
  196  15:54  Carrier  
  196  15:55  Carrier  
  198  16:03  Protoss Air Weapons Level 3  
  200  16:24  Carrier  
  174  17:10  Carrier x2  
  174  17:12  Nexus  
  174  17:14  Carrier x2  
  174  17:16  Assimilator  
  174  17:17  Assimilator  
  198  17:27  Templar Archives  
  198  17:40  Carrier  
  196  18:07  Pylon  
  196  18:08  Pylon  
  196  18:09  Pylon  
  196  18:11  Pylon  
  148  18:21  Stalker x2  
  148  18:23  Stalker x4  
  117  18:36  Pylon x2  
  117  18:37  Pylon  
  117  18:38  Pylon  
Show
View Real Time Build Order
Export as new Build Order

Murr Protoss - Winner!

Build Orders: 1 Gate Expand 

Get SALT Encoding   

  1  0:00  Probe  
  12  0:05  Probe  
  14  0:21  Pylon  
  14  0:22  Probe  
  15  0:39  Probe  
  15  0:41  Gateway  
  16  0:49  Assimilator  
  16  0:54  Probe, Assimilator  
  17  1:06  Probe  
  18  1:14  Probe, Pylon  
  18  1:22  Probe  
  20  1:43  Nexus  
  20  2:03  Probe  
  20  2:04  Zealot  
  23  2:12  Probe  
  23  2:21  Probe  
  25  2:44  Assimilator  
  25  2:52  Probe  
  25  2:54  Cybernetics Core  
  25  2:55  Probe, Pylon  
  27  2:59  Pylon  
  27  3:00  Probe  
  28  3:07  Probe  
  28  3:09  Probe  
  30  3:18  Zealot  
  33  3:20  Probe  
  33  3:22  Probe  
  34  3:31  Stargate  
  34  3:32  Probe  
  35  3:34  Stargate  
  35  3:38  Stalker  
  35  3:39  Probe, Forge  
  36  3:44  Probe  
  39  3:52  Probe  
  40  3:56  Probe  
  40  3:59  Stalker  
  41  4:04  Probe  
  41  4:08  Probe  
  45  4:14  Phoenix  
  45  4:21  Phoenix  
  49  4:42  Stalker  
  49  4:44  Phoenix  
  53  4:49  Phoenix  
  55  4:55  Assimilator  
  55  4:57  Probe x2  
  57  5:09  Probe x2, Nexus  
  57  5:11  Assimilator  
  57  5:12  Stalker  
  61  5:20  Pylon  
  61  5:22  Pylon  
  61  5:27  Pylon  
  61  5:29  Shield Battery x2  
  61  5:36  Photon Cannon  
  61  5:37  Void Ray  
  61  5:38  Probe x2  
  67  5:49  Phoenix  
  69  5:50  Probe  
  67  6:06  Photon Cannon  
  67  6:07  Photon Cannon  
  67  6:12  Pylon  
  67  6:14  Phoenix  
  69  6:20  Void Ray  
  69  6:23  Photon Cannon x2  
  71  6:39  Void Ray  
  72  6:55  Probe  
  73  7:05  Photon Cannon  
  73  7:09  Photon Cannon  
  73  7:13  Pylon  
  73  7:16  Probe  
  73  7:17  Pylon, Probe x2  
  73  7:19  Pylon  
  76  7:28  Robotics Facility, Probe  
  76  7:29  Probe x2  
  79  7:31  Stargate  
  79  7:34  Fleet Beacon  
  79  7:37  Protoss Shields Level 1  
  69  8:05  Void Ray x2  
  75  8:06  Stalker  
  77  8:15  Observer  
  77  8:17  Pylon  
  77  8:20  Pylon  
  78  8:32  Probe x3  
  81  8:44  Probe x3  
  81  8:47  Void Ray  
  83  9:13  Photon Cannon  
  83  9:15  Photon Cannon  
  83  9:19  Photon Cannon  
  83  9:24  Photon Cannon  
  83  9:27  Photon Cannon  
  83  9:30  Shield Battery  
  82  9:33  Shield Battery  
  82  9:36  Pylon  
  82  9:41  Pylon  
  82  9:51  Photon Cannon  
  77  9:53  Photon Cannon  
  77  9:54  Photon Cannon  
  77  10:04  Probe x3  
  80  10:11  Pylon  
  80  10:14  Pylon  
  80  10:16  Probe x3  
  83  10:23  Observer  
  83  10:28  Probe x3, Carrier  
  92  10:29  Carrier  
  92  10:35  Carrier  
  99  10:40  Probe x3  
  108  10:44  Observer  
  109  11:00  Assimilator  
  109  11:07  Photon Cannon  
  109  11:12  Observer  
  109  11:14  Photon Cannon  
  110  11:19  Protoss Air Weapons Level 1  
  110  11:29  Pylon  
  110  11:32  Photon Cannon  
  110  11:34  Observer  
  110  11:35  Photon Cannon  
  103  11:59  Probe  
  103  12:00  Probe  
  103  12:02  Probe  
  103  12:07  Probe  
  103  12:08  Probe  
  106  12:15  Probe  
  109  12:16  Probe  
  109  12:17  Probe  
  111  12:33  Carrier x2  
  111  12:34  Carrier  
  129  12:42  Photon Cannon  
  129  12:43  Photon Cannon  
  129  12:59  Nexus  
  129  13:15  Observer  
  130  13:25  Photon Cannon  
  129  13:29  Photon Cannon  
  129  13:33  Photon Cannon  
  129  13:37  Observer  
  126  13:58  Observer  
  127  14:16  Carrier x3  
  145  14:54  Stargate  
  145  14:56  Stargate  
  145  14:58  Stargate  
  145  15:01  Stargate  
  145  15:03  Pylon  
  145  15:05  Pylon  
  145  15:07  Pylon  
  145  15:08  Pylon  
  145  15:15  Pylon  
  143  15:38  Carrier  
  143  15:41  Carrier  
  143  15:42  Carrier  
  155  15:44  Carrier x2  
  155  15:45  Carrier  
  174  15:57  Probe  
  174  15:58  Probe x3  
  177  16:09  Probe  
  177  16:10  Probe x3  
  181  16:22  Probe x2  
  179  16:34  Probe x2  
  179  16:36  Carrier  
  187  16:46  Probe x2  
  183  17:01  Graviton Catapult  
  183  17:03  Nexus  
  183  17:04  Carrier  
  183  17:07  Carrier  
  195  17:22  Probe x2  
  197  17:23  Probe x2  
  199  17:34  Probe  
Tags
 
Add a new tag
Caveats
  • Supply blocks, unpowered buildings, or Contaminate may cause inaccurate times.
  • Supply counts are checked every 10 seconds.